 Dungeon Crawl Stone Soup version 0.30.0-17-ge0270778cf (webtiles) character file.

Game seed: 15750766071576981651

120 zeram the Covered (level 5, -1/33 HPs)
             Began as a Gargoyle Fighter on May 23, 2023.
             Slain by Crazy Yiuf
             ... wielding a +2 quarterstaff of chaos
              (4 damage)
             ... on level 2 of the Dungeon.
             The game lasted 00:03:27 (1311 turns).

zeram the Covered (Gargoyle Fighter)                Turns: 1311, Time: 00:03:28

Health: -1/33      AC: 12    Str: 21    XL:     5   Next: 4%
Magic:  1/5        EV: 14    Int:  9    God:
Gold:   117        SH:  4    Dex:  9    Spells: 4/4 levels left

rFire   . . .        a - +0 flail
rCold   + . .        c - +0 buckler
rNeg    + . .        b - +0 scale mail
rPois   ∞            d - +0 helmet
rElec   +            (no cloak)
rCorr   .            (no gloves)
SInv    .            (no boots)
Will    .....        (no amulet) Stlth
                     j - +5 ring of evasion
HPRegen 0.25/turn    s - ring of protection from cold
MPRegen 0.09/turn

%: no passive effects
@: no status effects
A: sickness immunity, AC +4, negative energy resistance 1, electricity
resistance, torment resistance 1, petrification resistance
a: no special abilities


You were on level 2 of the Dungeon.
You visited 1 branch of the dungeon, and saw 2 of its levels.

You collected 117 gold pieces.

Inventory:

Hand Weapons
 a - a +0 flail (weapon)
Armour
 b - a +0 scale mail (worn)
 c - a +0 buckler (worn)
 d - a +0 helmet (worn)
Jewellery
 j - a +5 ring of evasion (left hand)
 s - a ring of protection from cold (right hand)
Wands
 r - a wand of roots (10)
Scrolls
 g - a scroll of immolation
 h - a scroll of brand weapon {unknown}
 i - a scroll of acquirement {unknown}
 k - 3 scrolls of identify
 m - 2 scrolls of magic mapping {unknown}
 n - 2 scrolls of poison {unknown}
 t - a scroll of torment {unknown}
 u - a scroll of silence {unknown}
Potions
 e - a potion of resistance
 f - 3 potions of heal wounds
 l - a potion of brilliance {unknown}
 o - a potion of curing {unknown}
 p - 2 potions of berserk rage {unknown}
 q - a potion of attraction {unknown}


   Skills:
 + Level 3.9 Fighting
 + Level 3.3 Maces & Flails
 + Level 4.0 Armour
 + Level 0.6 Dodging
 + Level 3.9 Shields


You had 4 spell levels left.
You didn't know any spells.
Your spell library contained the following spells:

 Spells                   Type           Power      Damage    Failure   Level
 Wereblood                Tmut           0%         N/A       89%         2
 Summon Hydra             Summ           0%         N/A       100%        7
 Sublimation of Blood     Necr           Unusable   N/A       N/A         2

Dungeon Overview and Level Annotations

Branches:
Dungeon (2/15)

Altars:
Trog

Shops:
D:2 :

Annotations:
D:2 Crazy Yiuf


Innate Abilities, Weirdness & Mutations

You are immune to sickness and miasma.
Your stone body is resilient. (AC +4)
You are immune to poison.
You resist negative energy. (rN+)
You are resistant to electric shocks. (rElec)
You are resistant to unholy torment.
You are immune to petrification.


Message History

Things that are here:
a +0 dagger; a hobgoblin skeleton; a goblin skeleton
Things that are here:
a +0 club; a goblin corpse
Items here: ( )))))) [ †††.
There is an escape hatch in the floor here.
You see here a ball python skeleton.
Crazy Yiuf shouts!
Could not explore, unopened runed door.
Could not explore, unopened runed door.
Could not explore, unopened runed door.
Could not explore, unopened runed door.
Could not explore, unopened runed door.
No reachable target in view!
No reachable target in view!
Okay, then.
You open the door. You closely miss Crazy Yiuf. Crazy Yiuf barely misses you.
You hit Crazy Yiuf.
Crazy Yiuf is moderately wounded.
Crazy Yiuf barely misses you.
You hit Crazy Yiuf.
Crazy Yiuf is heavily wounded.
Crazy Yiuf hits you with a +2 quarterstaff of chaos!
You feel your power leaking away.
You hit Crazy Yiuf.
Crazy Yiuf is heavily wounded.
Crazy Yiuf hits you with a +2 quarterstaff of chaos.
Crazy Yiuf burns you.
Crazy Yiuf hits you with a +2 quarterstaff of chaos!
Crazy Yiuf freezes you.
You sock Crazy Yiuf!
Crazy Yiuf is almost dead.
You block Crazy Yiuf's attack.
You barely miss Crazy Yiuf.
Crazy Yiuf is almost dead.
Crazy Yiuf hits you with a +2 quarterstaff of chaos!
* * * LOW HITPOINT WARNING * * *
Crazy Yiuf burns you.
You die...

#....###.#
#....# #.#
♣....♣ #.#
♣♣...♣ #.#
♣♣.♣♣ #.# ♣♣.♣
#÷# ♣.♣♣ #.#
♣♣.♣ #.# ♣@♣♣
#.# #g# #.#
... #.# #...#
#.# #)..# #.#
##### #.### #
#...### #
###.....######
#.<.........##


You could see Crazy Yiuf.

Vanquished Creatures
  Jessica (D:2)
  Robin (D:2)
  2 adders (D:2)
  A worm (D:2)
  2 dart slugs (D:2)
  3 ball pythons (D:2)
  4 endoplasms
  A giant cockroach (D:1)
  9 goblins (D:2)
  9 hobgoblins
  9 kobolds
  5 bats
  A frilled lizard (D:1)
  6 rats
54 creatures vanquished.

Notes
Turn   | Place    | Note
-------+----------+-------------------------------------------
     0 | D:1      | zeram the Gargoyle Fighter began the quest for the Orb.
     0 | D:1      | Reached XP level 1. HP: 14/14 MP: 1/1
    94 | D:1      | Reached XP level 2. HP: 19/19 MP: 2/2
   550 | D:2      | Reached XP level 3. HP: 23/24 MP: 3/3
   597 | D:2      | Found Huwkogi's Book Shop.
   849 | D:2      | Found a faded altar of an unknown god.
   909 | D:2      | Reached XP level 4. HP: 29/29 MP: 4/4
   948 | D:2      | Found a bloodstained altar of Trog.
   999 | D:2      | Found a runed translucent door.
  1000 | D:2      | Noticed Crazy Yiuf
  1040 | D:2      | Noticed Robin
  1081 | D:2      | Killed Robin
  1086 | D:2      | Reached skill level 4 in Armour
  1171 | D:2      | Noticed Jessica
  1183 | D:2      | Killed Jessica
  1184 | D:2      | Reached XP level 5. HP: 26/33 MP: 5/5
  1311 | D:2      | Slain by Crazy Yiuf

Illustrated notes

Levels and vault maps discovered:
D:1:      lightli_arrival_flooded_house, layout_rooms, hangedman_decor_push
D:2:      layout_rooms, basic_altar, serial_shops, shop,
          shapermc_ecumenical_altar_mp_highgroup, minmay_distorted, uniq_robin,
          uniq_jessica, uniq_crazy_yiuf_cottage

Skill      XL: |  1  2  3  4 |
---------------+-------------+-----
Maces & Flails | 3 |  3.3
Armour         | 4 |  4.0
Fighting       | |  3.9
Dodging        | |  0.6
Shields        | |  3.9

Action                     |  1- 3 |  4- 6 || total
---------------------------+-------+-------++-------
  Melee: Flail             |   110 |    59 ||   169
    Use: Scroll            |     7 |       ||     7
         Potion            |       |     2 ||     2
 Armour: Scale mail        |    63 |    32 ||    95
  Dodge: Dodged            |    61 |    64 ||   125
  Block: Buckler           |    39 |    18 ||    57
